 Dungeon Crawl Stone Soup version 0.14.1-9-g552248a (webtiles) character file.

62603 Indrah22 the Conjurer (level 15, -1/86 HPs)
             Began as a Tengu Ice Elementalist on May 21, 2014.
             Was a High Priest of Ashenzari.
             Slain by an ogre mage
             ... wielding a +4,+2 halberd
              (20 damage)
             ... while paralysed by an ogre mage
             ... on Level 4 of the Orcish Mines on May 23, 2014.
             The game lasted 04:09:39 (33940 turns).

Indrah22 the Conjurer (Tengu Ice Elementalist)     Turns: 33940, Time: 04:09:39

HP  -1/86        AC 15     Str  9      XL: 15   Next:  0%
MP   4/34        EV  2     Int 22      God: Ashenzari [*****.]
Gold 1907        SH  0     Dex 14      Spells:  9 memorised,  3 levels left

rFire  + . .     SeeInvis +     D - +9 quarterstaff "Yjiqed" {distort, Noisy +Blink +Fly rF+ SInv}
rCold  . . .     Clarity  +     l - +1 robe (curse)
rNeg   . . .     Conserve +     (no shield)
rPois  +         rCorr    .     (helmet restricted)
rElec  .         rRot     .     u - +2 cloak {rPois} (curse)
SustAb . .       Spirit   .     G - +1 pair of gloves (curse)
rMut   .         Warding  .     (boots unavailable)
Saprov . . .     Stasis   .     w - cursed amulet of conservation
MR     +....                    b - cursed ring of wizardry
                                z - cursed ring of Shaolin {EV+8}

@: paralysed, icy armour, somewhat resistant to hostile enchantments, quite
stealthy
A: able to fly continuously, beak, talons 3
a: Fly, Scrying, Transfer Knowledge, Renounce Religion, Evoke Blink, Evoke
Flight


You were on level 4 of the Orcish Mines.
You worshipped Ashenzari.
Ashenzari was extremely pleased with you.
You were not hungry.

You visited 4 branches of the dungeon, and saw 23 of its levels.
You also visited: Labyrinth.

You collected 2047 gold pieces.
You spent 140 gold pieces at shops.

Inventory:

Hand weapons
 D - the cursed +9,+9 quarterstaff "Yjiqed" (weapon) {distort, Noisy +Blink +Fly rF+ SInv}
   (You found it on level 5 of the Dungeon)

   It warps and distorts space around it.
   Unwielding it can cause banishment or high damage.
   It protects you from fire.
   It enhances your eyesight.
   It lets you fly.
   It lets you blink.
   It may make noises in combat.
   It has a curse placed upon it.
Missiles
 o - 13 darts of flame
 R - 8 poisoned tomahawks
 S - 2 exploding darts (quivered)
 V - 2 poisoned javelins
Armour
 l - a cursed +1 robe (worn)
 n - a +1 cloak of darkness
 u - a cursed +2 cloak of poison resistance (worn)
 G - a cursed +1 pair of gloves (worn)
Magical devices
 e - a wand of disintegration (6)
 j - a wand of fire (2)
 M - a wand of hasting (0)
 X - a wand of disintegration (0)
Comestibles
 c - 4 bread rations
 s - 3 rotting chunks of orc flesh
 x - 2 rotting chunks of orc flesh
Scrolls
 a - a scroll of enchant weapon I
 d - a scroll of immolation
 f - 3 scrolls of remove curse
 h - a scroll of fear {unknown}
 i - a scroll of noise {unknown}
 k - a scroll of magic mapping
 p - 3 scrolls of recharging
 v - 7 scrolls of teleportation
Jewellery
 b - a cursed ring of wizardry (right hand)
 m - a +5 ring of strength
 w - a cursed amulet of conservation (around neck)
 z - the cursed ring of Shaolin (left hand) {EV+8}
   (You took it off an orc warrior on level 9 of the Dungeon)

   [ring of evasion]

   It affects your evasion (+8).
   It has a curse placed upon it.
Potions
 g - 2 potions of lignification
 r - a potion of magic
 y - 2 potions of brilliance
 H - 2 potions of restore abilities
 L - a potion of might
 O - 3 potions of curing
Miscellaneous
 t - a fan of gales (inert)
 Q - a fan of gales


   Skills:
 + Level 7.1 Fighting
   Level 1.0 Short Blades
   Level 2.5 Axes
 - Level 12.2(17.0) Staves
 - Level 1.9 Throwing
 - Level 10.0(12.4) Dodging
 - Level 3.7(6.1) Stealth
 + Level 10.1 Spellcasting
 - Level 13.9(17.5) Conjurations
 - Level 5.1(9.1) Hexes
 - Level 1.6(4.3) Charms
 - Level 5.7(9.7) Summonings
 - Level 7.5(11.5) Ice Magic
 + Level 7.0(11.0) Evocations


You had 3 spell levels left.
You knew the following spells:

 Your Spells              Type           Power        Failure   Level  Hunger
a - Freeze                Ice            ####         1%          1    None
b - Condensation Shield   Ice            ######....   1%          4    ##.....
c - Summon Ice Beast      Ice/Summ       ######..     1%          4    ##.....
d - Throw Icicle          Conj/Ice       ######..     1%          4    ##.....
e - Metabolic Englaciati  Hex/Ice        ######....   1%          5    ####...
f - Orb of Destruction    Conj           ######....   1%          7    #######
g - Summon Butterflies    Summ           ######..     1%          1    None
v - Ozocubu's Armour      Chrm/Ice       #####.....   1%          3    None
x - Throw Frost           Conj/Ice       ######       1%          2    None


Dungeon Overview and Level Annotations

Branches:
Dungeon (10/15)            Temple (1/1) D:5             Orc (4/4) D:9
   Lair (8/8) D:9          Shoals (0/5) Lair:4       Spider (0/5) Lair:6
  Slime (0/6) Lair:8
    Elf: Orc:3-4

Altars:
Ashenzari
Cheibriados
Dithmenos
Elyvilon
Fedhas
Kikubaaqudgha
Makhleb
Nemelex Xobeh
Okawaru
Sif Muna
Trog
Vehumet
Xom
Yredelemnul
Zin
The Shining One
Jiyva

Shops:
D:4 [

Portals:
Trove: D:10 (give +3 fire dragon armour)

Annotations:
Abyss:1 Harold, Urug


Innate Abilities, Weirdness & Mutations

You can fly continuously.
You have a beak for a mouth.
You have claws for feet.


Message History

You feel a bit more experienced. The ogre mage casts a spell at you.
You suddenly lose the ability to move!
The ogre mage hits you from afar with a glowing halberd!
An ogre comes into view. It is wielding a giant club.
The ogre mage hits you from afar with a glowing halberd.
The troll bites you but does no damage. The troll barely misses you.
The troll completely misses you.
A two-headed ogre comes into view. It is wielding two giant spiked clubs.
The ogre mage casts a spell at something.
The troll bites you. The troll completely misses you.
The troll claws you but does no damage.
A two-headed ogre comes into view.
It is wielding a dire flail and a giant spiked club.
The ogre mage hits you from afar with a glowing halberd!
The two-headed ogre moves out of view.
The troll bites you but does no damage. The troll claws you but does no damage.
The troll claws you!
* * * LOW HITPOINT WARNING * * *
The ogre mage hits you but does no damage.
The ogre mage hits you from afar with a glowing halberd!
You die...

##..#...........#..........#
#........#.....###..........
#..............#.##.........
##.#........................
#####..#...................
* #..........##.##.##.....
,* ##..)......######..... **
,*####.......#..#. , ,*, **
, ,* ###@........#, *, ** ,
,, * ∆*#T##..##..## , ,* , ,
#.∆OOC{∆.%.##**,**, ,,
...%)O%.##....#*, , , *
....)O### ##.##**,* ,
,,*,...... *## * , , ,* ** ,
,,#.#.#* *,, , , , ..# **,*,
* ,, # , * ,,*


You could see a hill giant, an ogre mage, a troll, 2 two-headed ogres and an
ogre.

Vanquished Creatures
  Maud (Lair:5)
  The ghost of vatarom the Arsonist, a powerful DrFE of Sif Muna (Orc:2)
  Snorg (Orc:1)
  A minotaur (Lab)
  3 hydras
  Erica (Lair:4)
  3 death yaks
  Erolcha (D:8)
  Pikel (D:5)
  2 orc knights (Orc:2)
  A griffon (Lair:4)
  An orc sorcerer (Orc:3)
  2 elephants (Lair:7)
  18 spiny frogs
  6 black mambas
  3 wandering mushrooms
  A fire drake (Lair:7)
  A jumping spider (Lair:6)
  A troll (Orc:4)
  A hydra zombie (D:10)
  3 giant leeches (Lair:8)
  6 komodo dragons
  A queen bee (D:10)
  3 two-headed ogres
  25 blink frogs
  2 basilisks
  A shark (Lair:8)
  8 hippogriffs
  33 yaks
  2 elephant slugs
  Grum (Orc:2)
  6 vampire mosquitoes (Lair:8)
  3 wargs
  9 porcupines
  14 water moccasins
  27 wolves
  2 necrophages
  A swamp drake (Lair:5)
  3 ice beasts
  2 sky beasts
  2 slaves (D:5)
  A phantom (D:4)
  12 orc warriors
  A black bear (D:7)
  15 ogres
  5 giant goldfish
  4 centaurs
  7 crocodiles
  Sigmund (D:6)
  The ghost of Stendarr the Magician, an average HEAE of Okawaru (D:3)
  A brain worm (Lair:7)
  12 giant slugs
  Blork the orc (D:8)
  29 giant frogs
  3 insubstantial wisps (Lair:5)
  4 scorpions
  An eye of draining (D:10)
  8 wights
  A goliath beetle (D:7)
  8 electric eels
  A yak skeleton (D:9)
  8 hounds
  11 killer bees
  2 giant frog zombies
  5 crimson imps
  2 gnoll shamans (D:4)
  A centaur zombie (D:10)
  2 big fish (Lair:8)
  2 jellies
  Crazy Yiuf (D:4)
  A centaur skeleton (D:7)
  10 iguanas
  15 orc priests
  A two-headed ogre zombie (D:10)
  24 orc wizards
  Natasha (D:6)
  7 worker ants
  12 sheep
  An ogre zombie (D:3)
  Ijyb (D:7)
  A big kobold zombie (D:10)
  A big kobold skeleton (D:9)
  2 hound skeletons
  22 adders
  A worker ant zombie (D:5)
  42 gnolls
  39 green rats
  A shadow imp (D:4)
  A steam dragon zombie (D:7)
  2 giant mites
  4 worms
  3 adder skeletons
  3 giant eyeballs
  10 giant geckos
  140 orcs
  A bat skeleton (D:6)
  6 giant cockroaches
  16 goblins
  18 hobgoblins
  16 quokkas
  A ball python (D:5)
  24 bats
  4 giant newts
  A giant spore (D:8)
  A hobgoblin zombie (D:8)
  33 jackals
  A jackal skeleton (D:9)
  17 kobolds
  2 orc skeletons (D:4)
  An orc zombie (D:8)
  22 rats
  A ballistomycete (D:8)
  A butterfly (D:5)
  A fungus (D:9)
  A plant (Lair:5)
867 creatures vanquished.

Vanquished Creatures (collateral kills)
  2 death yaks
  An oklob plant (Lair:7)
  2 elephants (Lair:7)
  A mermaid (Lair:4)
  2 spiny frogs (Lair:5)
  6 blink frogs
  A basilisk (Lair:5)
  4 yaks
  2 hippogriffs
  A vampire mosquito (Lair:8)
  2 wolves
  A water moccasin (Lair:8)
  A slave (D:5)
  A crocodile (Lair:2)
  A giant slug (Lair:7)
  2 giant frogs (Lair:8)
  6 killer bees
  A crimson imp (D:7)
  A goliath beetle (D:7)
  An orc priest (D:9)
  An orc wizard (D:8)
  5 sheep
  A crocodile zombie (D:7)
  An adder (Lair:4)
  2 green rats (Lair:5)
  4 orcs
  A hobgoblin (D:7)
  A jackal (D:10)
  2 quokkas (Lair:4)
  A bat (Lair:3)
  A rat (D:7)
59 creatures vanquished.

Vanquished Creatures (others)
  2 death yaks
  A hill giant (Orc:4)
  An air elemental (Lair:8)
  3 spiny frogs
  2 trolls
  A giant leech (Lair:8)
  4 yaks
  An orc warrior (D:8)
  A slave (D:5)
  20 ice beasts
  4 ogres (Orc:4)
  A giant goldfish (Lair:8)
  3 crocodiles
  A big kobold (D:9)
  2 giant frogs
  3 giant slugs
  3 killer bees
  A crimson imp (D:10)
  A goliath beetle (D:6)
  3 green rats
  4 orcs
  A butterfly (Orc:3)
  11 fungi
  8 plants
82 creatures vanquished.

Grand Total: 1008 creatures vanquished

Notes
Turn   | Place    | Note
--------------------------------------------------------------
     0 | D:1      | Indrah22, the Tengu Ice Elementalist, began the quest for the Orb.
     0 | D:1      | Reached XP level 1. HP: 10/10 MP: 3/3
   165 | D:1      | Reached skill level 3 in Ice Magic
   246 | D:1      | Reached XP level 2. HP: 15/15 MP: 3/5
   250 | D:1      | Reached skill level 1 in Throwing
   266 | D:1      | Learned a level 2 spell: Throw Frost
   646 | D:2      | Reached skill level 1 in Axes
   646 | D:2      | Reached XP level 3. HP: 19/19 MP: 1/7
   651 | D:2      | Learned a level 3 spell: Ozocubu's Armour
  1254 | D:2      | Reached XP level 4. HP: 24/24 MP: 1/8
  2859 | D:3      | Reached skill level 1 in Charms
  2859 | D:3      | Reached XP level 5. HP: 17/28 MP: 8/11
  3032 | D:3      | Noticed an ogre
  3032 | D:3      | Noticed a phantom
  3284 | D:3      | Found an ancient bone altar of Kikubaaqudgha.
  3284 | D:3      | Found a shadowy altar of Dithmenos.
  3285 | D:3      | Found a glowing silver altar of Zin.
  3288 | D:3      | Found a burning altar of Makhleb.
  3289 | D:3      | Found a shattered altar of Ashenzari.
  3328 | D:3      | Became a worshipper of Ashenzari the Shackled
  3380 | D:3      | Noticed Stendarr's ghost (average HEAE)
  3472 | D:3      | Killed Stendarr's ghost
  3472 | D:3      | Reached skill level 1 in Fighting
  3472 | D:3      | Reached skill level 1 in Short Blades
  3725 | D:3      | Killed an ogre
  3725 | D:3      | Reached XP level 6. HP: 11/36 MP: 2/13
  4173 | D:3      | Found a basalt altar of Yredelemnul.
  5204 | D:4      | Reached XP level 7. HP: 40/40 MP: 5/14
  5380 | D:4      | Reached skill level 4 in Ice Magic
  5879 | D:4      | Noticed an ogre
  5922 | D:4      | Reached skill level 5 in Ice Magic
  6092 | D:4      | Killed an ogre
  6667 | D:4      | Reached XP level 8. HP: 45/45 MP: 14/17
  6673 | D:4      | Learned a level 4 spell: Summon Ice Beast
  6726 | D:4      | Reached skill level 1 in Summonings
  7494 | D:4      | Found Pufyufu's Armour Shop.
  7502 | D:4      | Bought a +1 cloak for 95 gold pieces
  7502 | D:4      | Bought a +0 pair of gloves for 45 gold pieces
  7587 | D:4      | Noticed an ogre
  7593 | D:4      | Killed an ogre
  7609 | D:4      | Noticed a phantom
  7683 | D:4      | Paralysed by a giant eyeball for 4 turns
  7760 | D:4      | Noticed Crazy Yiuf
  7770 | D:4      | Killed Crazy Yiuf
  8239 | D:4      | Killed a phantom
  8330 | D:4      | Found a snail-covered altar of Cheibriados.
  8402 | D:5      | Entered Level 5 of the Dungeon
  8511 | D:5      | Found a staircase to the Ecumenical Temple.
  8673 | D:5      | Got the quarterstaff "Yjiqed" {distort, Noisy +Blink +Fly rF+ SInv}
  8716 | D:5      | Identified the +9,+9 quarterstaff "Yjiqed" {distort, Noisy +Blink +Fly rF+ SInv} (You found it on level 5 of the Dungeon)
  8727 | D:5      | Reached skill level 1 in Staves
  9046 | D:5      | Reached XP level 9. HP: 32/49 MP: 4/20
  9195 | D:5      | Noticed Pikel
  9209 | D:5      | Killed Pikel
  9209 | D:5      | Reached skill level 6 in Staves
  9527 | Temple   | Entered the Ecumenical Temple
  9778 | D:6      | Reached skill level 1 in Evocations
  9913 | D:6      | Found a white marble altar of Elyvilon.
 10589 | D:6      | Noticed Sigmund
 10596 | D:6      | Killed Sigmund
 10725 | D:6      | Learned a level 4 spell: Throw Icicle
 10798 | D:6      | Noticed Natasha
 10800 | D:6      | Killed Natasha
 11177 | D:7      | Reached skill level 5 in Dodging
 11691 | D:7      | Reached XP level 10. HP: 41/55 MP: 10/21
 11696 | D:7      | Reached skill level 5 in Conjurations
 12176 | D:7      | Noticed Ijyb
 12183 | D:7      | Killed Ijyb
 12720 | D:8      | Noticed Erolcha
 13049 | D:8      | Acquired Ashenzari's first power
 13065 | D:8      | Found a burning altar of Makhleb.
 13094 | D:8      | Reached skill level 5 in Spellcasting
 13497 | D:9      | Reached skill level 7 in Ice Magic
 13787 | D:9      | Found a staircase to the Orcish Mines.
 14389 | D:9      | Found a staircase to the Lair.
 14413 | D:9      | Reached skill level 5 in Evocations
 14533 | Lair:1   | Entered Level 1 of the Lair of Beasts
 14716 | Lair:1   | Noticed a black mamba
 14727 | Lair:1   | Killed a black mamba
 14727 | Lair:1   | Reached XP level 11. HP: 59/59 MP: 2/25
 15854 | Lair:2   | Noticed Harold
 15863 | Lair:2   | Reached skill level 5 in Summonings
 15867 | Lair:2   | Banished Harold
 15870 | Lair:2   | Acquired Ashenzari's second power
 16056 | Lair:2   | Reached skill level 5 in Fighting
 17279 | Lair:3   | Noticed a death yak
 17352 | Lair:3   | Noticed a death yak
 17359 | Lair:3   | Noticed a death yak
 17366 | Lair:3   | Killed a death yak
 17368 | Lair:3   | Banished a death yak
 17368 | Lair:3   | Reached XP level 12. HP: 72/72 MP: 0/28
 17376 | Lair:3   | Killed a death yak
 17376 | Lair:3   | Reached skill level 8 in Staves
 17552 | Lair:3   | Reached skill level 9 in Staves
 17989 | Lair:2   | Learned a level 4 spell: Condensation Shield
 18030 | Lair:4   | Acquired Ashenzari's third power
 18248 | Lair:4   | Found a staircase to the Shoals.
 18320 | Lair:4   | Noticed an eight-headed hydra
 18333 | Lair:4   | Killed an eight-headed hydra
 18333 | Lair:4   | Reached skill level 10 in Staves
 18533 | Lair:4   | Reached skill level 11 in Staves
 19083 | Lair:4   | Noticed Erica
 19105 | Lair:4   | Killed Erica
 19105 | Lair:4   | Reached skill level 12 in Staves
 19928 | Lair:5   | Noticed a death yak
 19935 | Lair:5   | Noticed a death yak
 19938 | Lair:5   | Noticed a death yak
 19953 | Lair:5   | Killed a death yak
 19953 | Lair:5   | Reached XP level 13. HP: 51/76 MP: 5/29
 20094 | Lair:5   | Noticed Maud
 20195 | Lair:5   | Killed Maud
 20197 | Lair:5   | Reached skill level 10 in Conjurations
 20237 | Lair:5   | Killed a death yak
 20264 | Lair:5   | Killed a death yak
 21402 | Lair:6   | Found a labyrinth entrance.
 21417 | Lab      | Entered a labyrinth
 21585 | Lab      | Acquired Ashenzari's fourth power
 21731 | Lab      | Noticed a minotaur
 21765 | Lab      | Killed a minotaur
 21765 | Lab      | Identified the +6 gold dragon armour of Steaczer {+Inv rPois rF+ rC+ rN+} (You took it off a minotaur in a labyrinth)
 21765 | Lab      | Identified a +3 rod of striking (11/11) (You took it off a minotaur in a labyrinth)
 21791 | Lab      | Identified the cursed +1 chain mail of Paangyc {rN+} (You found it in a labyrinth)
 21801 | Lab      | Learned a level 5 spell: Metabolic Englaciation
 22201 | Lair:6   | Reached skill level 1 in Hexes
 22445 | Lair:6   | Found a snail-covered altar of Cheibriados.
 23220 | Lair:6   | Found a hole to the Spider Nest.
 23527 | Lair:7   | Reduced skill Short Blades to level 1
 23813 | Lair:7   | Reached skill level 5 in Hexes
 24046 | Lair:7   | Identified the +10,+11 flail "Lirofeem" {flame, Str+1}
 25775 | Lair:8   | Entered Level 8 of the Lair of Beasts
 25787 | Lair:8   | Found a viscous altar of Jiyva.
 25787 | Lair:8   | Found a staircase to the Slime Pits.
 25805 | Lair:8   | Reached XP level 14. HP: 67/82 MP: 25/32
 26173 | Lair:8   | Reached skill level 10 in Spellcasting
 26537 | Lair:8   | Learned a level 1 spell: Summon Butterflies
 27923 | Lair:8   | Identified the cursed -2 cloak of Sif Muna's Favour {Str+4 Dex+1} (You found it on level 8 of the Lair of Beasts)
 28609 | Lair:2   | Learned a level 7 spell: Orb of Destruction
 28828 | D:8      | Noticed Blork the orc
 28830 | D:8      | Killed Blork the orc
 28836 | D:8      | Killed Erolcha
 29260 | D:9      | Reached skill level 10 in Dodging
 29701 | D:10     | Entered Level 10 of the Dungeon
 29714 | D:10     | Noticed Urug
 29727 | D:10     | Banished Urug
 30197 | D:10     | Found a portal to a secret trove of treasure.
 31044 | Orc:1    | Entered Level 1 of the Orcish Mines
 31075 | Orc:1    | Noticed Snorg
 31081 | Orc:1    | Killed Snorg
 31502 | Orc:2    | Noticed vatarom's ghost (powerful DrFE)
 31551 | Orc:2    | Reached skill level 13 in Conjurations
 31692 | Orc:2    | Killed vatarom's ghost
 31920 | Orc:2    | Found a shimmering altar of Xom.
 32051 | Orc:2    | Noticed Grum
 32055 | Orc:2    | Killed Grum
 33605 | Orc:4    | Entered Level 4 of the Orcish Mines
 33933 | Orc:4    | Reached XP level 15. HP: 61/86 MP: 2/34
 33936 | Orc:4    | Paralysed by an ogre mage for 7 turns
 33940 | Orc:4    | Slain by an ogre mage

Action                   |  1- 3 |  4- 6 |  7- 9 | 10-12 | 13-15 || total
-------------------------+-------+-------+-------+-------+-------++-------
Melee: Hand axe          |    22 |    19 |       |       |       ||    41
       Short sword       |       |    37 |   127 |       |       ||   164
       Dagger            |       |       |    14 |       |       ||    14
       Quarterstaff      |       |       |   116 |   538 |   820 ||  1474
Throw: Dart              |    30 |    54 |    52 |    11 |     8 ||   155
       Javelin           |     6 |    16 |     4 |     9 |       ||    35
       Tomahawk          |       |       |       |    15 |    45 ||    60
 Cast: Freeze            |    14 |    24 |    33 |     8 |    13 ||    92
       Throw Frost       |    13 |    60 |   177 |   224 |   267 ||   741
       Ozocubu's Armour  |       |     1 |    11 |    27 |    37 ||    76
       Summon Ice Beast  |       |       |     9 |    43 |    33 ||    85
       Throw Icicle      |       |       |       |    25 |   117 ||   142
       Condensation Shie |       |       |       |     8 |    28 ||    36
       Metabolic Englaci |       |       |       |       |    12 ||    12
       Orb of Destructio |       |       |       |       |     4 ||     4
       Summon Butterflie |       |       |       |       |     3 ||     3
Invok: Transfer Knowledg |       |       |       |       |     1 ||     1
 Abil: Fly               |       |     1 |       |     1 |     3 ||     5
       Evoke Blink       |       |       |     2 |     2 |     1 ||     5
Evoke: Wand              |       |       |       |     2 |    18 ||    20
       Fan of gales      |       |       |       |     1 |     4 ||     5
  Use: Scroll            |     2 |     6 |     6 |     9 |     8 ||    31
       Potion            |       |       |     4 |     3 |     8 ||    15
 Stab: Sleeping          |     1 |       |     1 |     7 |     9 ||    18
       Distracted        |       |       |       |       |     4 ||     4
       Paralysed         |       |       |       |       |     1 ||     1
